 Dungeon Sprint DCSS version 0.30-a0-1112-gfb780f5df6 (webtiles) character file.

Game seed: 9843577093715791409

10 rocky1 the Digger (level 2, -6/15 HPs)
             Began as a Deep Elf Earth Elementalist on Apr 19, 2023.
             Was a Follower of Sif Muna.
             Mangled by a gnoll
             ... wielding a +0 spear
             ... led by a gnoll sergeant
              (8 damage)
             ... in the Dungeon (Sprint VII: "The Pits").
             The game lasted 00:00:36 (249 turns).

rocky1 the Digger (Deep Elf Earth Elementalist)      Turns: 249, Time: 00:00:37

Health: -6/15      AC:  2    Str:  5    XL:     2   Next: 10%
Magic:  8/8        EV: 13    Int: 19    God:    Sif Muna [*.....]
Gold:   0          SH:  0    Dex: 15    Spells: 7/8 levels left

rFire   . . .      SeeInvis .    (no weapon)
rCold   . . .      Faith    .    (no shield)
rNeg    . . .      Spirit   .    a - +0 robe
rPois   .          Reflect  .    (no helmet)
rElec   .          Rampage  .    (no cloak)
rCorr   .          NoTele   +    (no gloves)
Will    .....                    (no boots)
Stlth   ++                       (no amulet)
HPRegen 0.22/turn                (no ring)
MPRegen 0.11/turn                (no ring)

@: no status effects
A: no striking features
a: Renounce Religion, Channel Magic


You were in the Dungeon.
You worshipped Sif Muna.
Sif Muna was aware of your devotion.
You visited 1 branch

Inventory:

Armour
 a - a +0 robe (worn)
Scrolls
 g - a scroll of blinking
 i - 5 scrolls of amnesia
Potions
 b - 5 potions of magic
 c - a potion of curing
 d - a potion of heal wounds
 e - a potion of haste
 f - 3 potions of berserk rage
 h - 2 potions of invisibility


   Skills:
 + Level 3.5 Dodging
 + Level 2.8 Stealth
 + Level 3.9 Spellcasting
 + Level 1.1 Transmutations
 + Level 4.5 Earth Magic


You had 7 spell levels left.
You knew the following spells:

 Your Spells              Type           Power      Damage    Failure   Level
a - Sandblast             Erth           42%        2d11      2%          1

Your spell library contained the following spells:

 Spells                   Type           Power      Damage    Failure   Level
 Passwall                 Tmut/Erth      11%        N/A       6%          2
 Stone Arrow              Conj/Erth      24%        3d8       16%         3
 Petrify                  Tmut/Erth      14%        N/A       38%         4


Dungeon Overview and Level Annotations

Branches:
Dungeon (1/1)

Altars:
Ashenzari
Cheibriados
Dithmenos
Elyvilon
Fedhas
Gozag
Hepliaklqana
Kikubaaqudgha
Makhleb
Nemelex Xobeh
Okawaru
Qazlal
Ru
Sif Muna
Trog
Uskayaw
Vehumet
Wu Jian
Xom
Yredelemnul
Zin
The Shining One
Jiyva
Lugonu


Message History

Aim: an ufetubus (moderately wounded, 70% to hit)
The blast of sand hits the ufetubus!
You kill the ufetubus!
Sif Muna accepts your kill.
You can now call upon Sif Muna for magical energy.
The ball python zombie barely misses you.
The ball python zombie grabs you. The ball python zombie constricts you.
You have reached level 2!
Aiming: Sandblast (safe; 2% risk of failure)
Press: ? - help, Q - select action, (/) - cycle Shift-Dir - straight line, f - ball python zombie
Aim: a ball python zombie (constricting you, 92% to hit)
The blast of sand hits the ball python zombie!
You destroy the ball python zombie!
Sif Muna accepts your kill.
You start resting.
Magic restored.
You start waiting.
Done waiting.
There is an open door here.
Okay, then.
You open the large door.
A floating eye and 3 gnolls come into view.
The gnoll shouts! x3; You hear a shout!
The floating eye turns its gaze towards you.
You hear an angry hiss.
A ball python comes into view.
The gnoll hits you from afar with a +0 spear.
The gnoll completely misses you.
A gnoll sergeant comes into view. It is wielding a +1 spear of flaming.
Unknown command.
As you read the scroll of summoning, it crumbles to dust.
Wisps of shadow whirl around you...
A giant cockroach comes into view.
The gnoll misses your small abomination.
The gnoll hits you from afar with a +0 spear!
Ouch! That really hurt!
* * * LOW HITPOINT WARNING * * *
The gnoll hits you from afar with a +0 spear!
Ouch! That really hurt!
You die...

#.?(.')))'.##......#..#
##########.##..........
#.........).'..........
#+#####)#####......#..#
#. #.†.'.##..........
#G.#...#.#####'#####+
#.S#####.##.......#
#.x'...#.##.......#
#gg'@x.'.##.......#
#Bg########...<...# #g
#.......# # #.......#
#.......# #########


You could see a gnoll sergeant, a floating eye, 3 gnolls, a giant cockroach, a
ball python and 2 friendly small abominations.

Vanquished Creatures
  An ufetubus (D)
  An orc (D)
  A hobgoblin (D)
  A ball python zombie (D)
  A kobold (D)
5 creatures vanquished.

Notes
Turn   | Place    | Note
-------+----------+-------------------------------------------
     0 | D        | rocky1 the Deep Elf Earth Elementalist began the quest for
                  | the Orb.
     0 | D        | Reached XP level 1. HP: 10/10 MP: 6/6
    19 | D        | Found a bloodstained altar of Trog.
    19 | D        | Found a shimmering blue altar of Sif Muna.
    19 | D        | Found a viscous altar of Jiyva.
    19 | D        | Found a hazy altar of Hepliaklqana.
    19 | D        | Found an opulent altar of Gozag.
    20 | D        | Found a glowing golden altar of the Shining One.
    20 | D        | Found a glowing silver altar of Zin.
    20 | D        | Found a basalt altar of Yredelemnul.
    20 | D        | Found a shimmering altar of Xom.
    20 | D        | Found an ornate altar of the Wu Jian Council.
    20 | D        | Found a sacrificial altar of Ru.
    20 | D        | Found a stormy altar of Qazlal.
    20 | D        | Found an iron altar of Okawaru.
    20 | D        | Found a sparkling altar of Nemelex Xobeh.
    20 | D        | Found a burning altar of Makhleb.
    20 | D        | Found a blossoming altar of Fedhas.
    20 | D        | Found a white marble altar of Elyvilon.
    20 | D        | Found a shadowy altar of Dithmenos.
    20 | D        | Found a snail-covered altar of Cheibriados.
    22 | D        | Found a radiant altar of Vehumet.
    22 | D        | Found a corrupted altar of Lugonu.
    23 | D        | Found a hide-covered altar of Uskayaw.
    23 | D        | Found an ancient bone altar of Kikubaaqudgha.
    23 | D        | Found a broken altar of Ashenzari.
    25 | D        | Became a worshipper of Sif Muna the Loreminder
    60 | D        | Reached skill level 4 in Earth Magic
   100 | D        | Reached * piety under Sif Muna
   101 | D        | Reached XP level 2. HP: 15/15 MP: 4/8
   248 | D        | Noticed a floating eye
   248 | D        | Noticed a gnoll sergeant
   249 | D        | Mangled by a gnoll

Illustrated notes

Levels and vault maps discovered:
D:        pitsprint [storerooms_1, entrance_room_1, metal_vault_1, armoury_2,
          mini_pit_1, grid_room_1, main_hall_1, silver_pit, the_coven_3,
          the_vestibule_1, steel_vault_4, golden_pit, hallway_of_sentries,
          crystal_vault_2, iron_vault_5, final_vault]

Skill      XL: |  1 |
---------------+----+-----
Dodging        | 3 |  3.5
Earth Magic    | 4 |  4.5
Stealth        | |  2.8
Spellcasting   | |  3.9
Transmutations | |  1.1

Action                     || total
---------------------------++-------
   Cast: Sandblast         ||     7
    Use: Scroll            ||     1
  Dodge: Dodged            ||     8

Table legend: (Time is in decaauts)
 A = Elapsed time spent in this place.
 B = Non-inter-level travel time spent in this place.
 C = Inter-level travel time spent in this place.
 D = Time resting spent in this place.
 E = Time spent auto-exploring this place.
 F = Levels seen in this place.
 G = Mean time per level.
                   A        B        C        D        E       F      G
               +--------+--------+--------+--------+--------+-----+--------+
         Total |    252 |    252 |      0 |    170 |      0 |   1 |  252.0 |
       Dungeon |    252 |    252 |      0 |    170 |      0 |   1 |  252.0 |
               +--------+--------+--------+--------+--------+-----+--------+

Top non-repeatable levels by time:
       D: 252 daAuts
